AoeStats
← sales96

Arena

510148006Analyzed
2v2 RM · 4d ago on Sep 29, 2026· 33m 6s· 4 players
Game mode
Random Map
Map size
Medium (4 player)
Population
200
Speed
Normal
Resources
Standard
Victory
Conquest
Starting age
Dark Age
Ending age
Imperial Age
RankedLock teamsTeams togetherTeam positionsShared explorationLock speedFull tech treeHidden civsTurbo modeCheats
Victory
Defeat
🇭🇺 Danes · Hungary
1580
+16
🇭🇺 Wu · Hungary
1425
+45
🇦🇷 Varangians · Argentina
1592
-20
🇳🇱 Danes · Netherlands
1551
-18
Holy Heroin
10:42 Feudal Age
11:23 Loom
14:27 Castle Age
13:21 Double-Bit Axe
15:48 Bow Saw
23:21 Forging
24:06 Redemption
25:15 Sanctity
25:58 Town Watch
27:21 Fletching
29:15 Scale Mail Armor
sales96
10:35 Feudal Age
14:43 Castle Age
12:51 Double-Bit Axe
13:18 Horse Collar
16:04 Bow Saw
15:56 Heavy Plow
18:41 Loom
21:22 Fletching
24:16 Wheelbarrow
24:22 Bodkin Arrow
24:48 Town Watch
34:09 Imperial Age
32:16 Bloodlines
31:58 Stone Mining
31:58 Gold Mining
32:17 Husbandry
trombi
10:27 Feudal Age
14:25 Castle Age
12:49 Horse Collar
13:56 Double-Bit Axe
14:53 Loom
17:18 Fletching
18:59 Bodkin Arrow
24:46 Wheelbarrow
26:54 Bow Saw
32:35 Ballistics
32:16 Padded Archer Armor
33:52 Hand Cart
2EZ.SagittariusA
10:53 Feudal Age
14:38 Castle Age
12:45 Double-Bit Axe
13:00 Horse Collar
16:36 Bow Saw
16:17 Gold Mining
17:29 Wheelbarrow
24:08 Scale Mail Armor
24:00 Loom
26:15 Fletching
31:10 Chain Mail Armor
Connection lost

Rejoining the realm…

Still unreachable

The connection could not be restored.

Session expired

The server has moved on; the page needs a fresh start.